 Dungeon Crawl Stone Soup version 0.21.1-1-g345015f (webtiles) character file.

5475 JeffiDaFish the Geomancer (level 10, -1/50 HPs)
             Began as a Gargoyle Earth Elementalist on Feb 12, 2018.
             Was an Initiate of Vehumet.
             Slain by an orc warrior
             ... wielding a +0 mace
              (11 damage)
             ... on level 8 of the Dungeon.
             The game lasted 00:28:23 (8352 turns).

JeffiDaFish the Geomancer (GrEE)                    Turns: 8352, Time: 00:28:25

Health: -1/50      AC: 17    Str: 12    XL:     10   Next: 69%
Magic:  9/24       EV: 14    Int: 19    God:    Vehumet [......]
Gold:   331        SH:  0    Dex: 10    Spells: 20/29 levels left

rFire    + + .     SeeInvis .   y - +10 zealot's sword {holy, *Rage rN+ EV+3}
rCold    . . .     Gourm    .   (no shield)
rNeg     + + .     Faith    .   t - +2 leather armour {rF+}
rPois    ∞         Spirit   .   c - +0 helmet (curse)
rElec    +         Reflect  .   g - +0 cloak
rCorr    .         Harm     .   (no gloves)
MR       ++...     Rnd*Rage +   f - +0 pair of boots
Stlth    ++........             (no amulet)
HPRegen  0.16/turn              v - ring of protection from fire
MPRegen  0.19/turn              h - ring of protection from magic

@: berserk cooldown, slowed, very slow
A: magic resistance 1, negative energy resistance 1, electricity resistance,
unbreathing, petrification resistance, rot immunity, MP-powered wands, AC +7
a: Renounce Religion


You were on level 8 of the Dungeon.
You worshipped Vehumet.
Vehumet was noncommittal.
You were very hungry.

You visited 2 branches of the dungeon, and saw 9 of its levels.

You collected 446 gold pieces.
You spent 115 gold pieces at shops.

Inventory:

Hand Weapons
 k - a +2 morningstar
 u - a +1 whip of electrocution
 y - the +10 zealot's sword (weapon) {holy, *Rage rN+ EV+3}
   (You found it on level 7 of the Dungeon)

   It has been blessed by the Shining One to cause great damage to the undead
   and demons.
   It affects your evasion (+3).
   It protects you from negative energy.
   It may make you go berserk in combat.
Missiles
 b - 275 stones (quivered)
Armour
 c - a cursed +0 helmet (worn)
 f - a +0 pair of boots (worn)
 g - a +0 cloak (worn)
 t - a +2 leather armour of fire resistance (worn)
Jewellery
 a - an uncursed ring of flight
 h - a ring of protection from magic (right hand)
 v - a ring of protection from fire (left hand)
Wands
 n - a wand of acid (13)
 w - a wand of scattershot (2)
 z - a wand of digging (17)
Scrolls
 i - 5 scrolls of identify
 j - 5 scrolls of teleportation
 l - 6 scrolls of remove curse
 s - a scroll of fog
Potions
 m - a potion of flight
 o - a potion of agility
 p - 2 potions of heal wounds
 q - 2 potions of berserk rage
 r - 2 potions of magic
Books
 e - a book of Geomancy

   Spells                             Type                      Level
   a - Sandblast                      Earth                        1
   b - Passwall                       Transmutation/Earth          2
   c - Stone Arrow                    Conjuration/Earth            3
   d - Petrify                        Transmutation/Earth          4
   e - Lee's Rapid Deconstruction     Earth                        5
Comestibles
 d - 12 rations


   Skills:
 * Level 8.2 Armour
 - Level 1.5 Dodging
 - Level 2.3 Stealth
 - Level 0.6 Unarmed Combat
 * Level 10.2 Spellcasting
   Level 0.7 Transmutations
 + Level 10.2 Earth Magic


You had 20 spell levels left.
You knew the following spells:

 Your Spells              Type           Power        Failure   Level  Hunger
a - Sandblast             Erth           #####.       1%          1    None
b - Stone Arrow           Conj/Erth      ####..       3%          3    None
c - Lee's Rapid Deconstr  Erth           #####.....   3%          5    #####..


Dungeon Overview and Level Annotations

Branches:
Dungeon (8/15)             Temple (1/1) D:4
   Lair: D:8-11

Altars:
Ashenzari
Cheibriados
Dithmenos
Elyvilon
Fedhas
Gozag
Hepliaklqana
Kikubaaqudgha
Makhleb
Nemelex Xobeh
Okawaru
Qazlal
Ru
Sif Muna
Trog
Uskayaw
Vehumet
Wu Jian
Xom
Yredelemnul
Zin
The Shining One

Shops:
D:5 *


Innate Abilities, Weirdness & Mutations

You are resistant to torment.
Your stone body is resilient. (AC +7)
You are immune to poison.
You resist negative energy. (rN+)
You are resistant to electric shocks. (rElec)
You can survive without breathing.
You are immune to petrification.
You are immune to rotting.
You are resistant to hostile enchantments. (MR+)
You expend magic power (3 MP) to strengthen your wands.


Message History

Press: ? - help, Shift-Dir - straight line, f/p - warg
Aim: a warg (moderately wounded)
The blast of sand hits the warg.
The warg is moderately wounded.
b - 276 stones The orc warrior hits you with a mace.
The warg closely misses you. x2
The orc warrior hits you with a mace!
* * * LOW HITPOINT WARNING * * *
Casting: Sandblast
Confirm with . or Enter, or press ? or * to list all spells.
Aiming: Sandblast
Press: ? - help, Shift-Dir - straight line, f/p - warg
Aim: a warg (moderately wounded)
The blast of sand hits the warg.
The warg is heavily wounded.
b - 275 stones The warg barely misses you.
You riposte.
You closely miss the warg.
The warg is heavily wounded.
The orc warrior hits you with a mace!
You die...

≈≈≈≈≈≈≈≈≈≈≈≈≈....#...#.#
≈≈≈≈≈≈≈≈≈≈≈≈≈....#.....#
...........P.....#.....#######.
....#####......................
. ..###.........)......###
.........)......>...#.......
.#......##......[.<.#.......
....##?##()...).[..##.......
..##.##)().(.h@.....# ....... #
#......<..o......# .......
#..#.(...........# ###.###
#.....(.........### .#
#.>.#..##......##
................#
.......########## .#..#.# ...#.


You could see a warg and an orc warrior.

Vanquished Creatures
  Pikel (D:5)
  An orc sorcerer (D:8)
  Menkaure (D:6)
  A hungry ghost (D:7)
  12 wargs (D:8)
  Duvessa (D:5)
  3 orc warriors
  3 ice beasts
  3 ogres
  A necrophage (D:7)
  3 phantoms
  3 centaurs
  A big kobold (D:8)
  2 bullfrogs
  Dowan (D:5)
  2 scorpions (D:8)
  2 howler monkeys
  5 crimson imps
  3 jellies
  5 orc priests
  Crazy Yiuf (D:5)
  3 hounds
  4 orc wizards
  2 bullfrog skeletons (D:5)
  2 iguanas
  6 worker ants
  3 gnolls (D:3)
  3 adders
  2 shadow imps (D:7)
  3 oozes
  A worm (D:3)
  A dart slug (D:1)
  A leopard gecko (D:4)
  25 orcs
  5 giant cockroaches
  6 goblins
  13 hobgoblins
  10 jackals
  11 kobolds
  4 quokkas
  4 ball pythons
  5 bats
  4 frilled lizards
  A jackal skeleton (D:7)
  2 leopard gecko skeletons
  A leopard gecko zombie (D:5)
  A quokka zombie (D:6)
  6 rats
184 creatures vanquished.

Vanquished Creatures (others)
  The ghost of MetaCosm the Magician, an amateur DEVM (D:6)
  2 orc wizards (D:6)
  2 orcs (D:6)
  4 plants (D:8)
9 creatures vanquished.

Grand Total: 193 creatures vanquished

Notes
Turn   | Place    | Note
-------+----------+-------------------------------------------
     0 | D:1      | JeffiDaFish the Gargoyle Earth Elementalist began the quest for the Orb.
     0 | D:1      | Reached XP level 1. HP: 10/10 MP: 3/3
   185 | D:1      | Reached XP level 2. HP: 15/15 MP: 0/5
   764 | D:1      | Reached XP level 3. HP: 9/19 MP: 3/6
  1256 | D:2      | Learned a level 3 spell: Stone Arrow
  1485 | D:2      | Reached XP level 4. HP: 24/24 MP: 3/8
  2272 | D:3      | Reached skill level 5 in Earth Magic
  2411 | D:3      | Reached XP level 5. HP: 28/28 MP: 7/10
  2442 | D:3      | Learned a level 5 spell: Lee's Rapid Deconstruction
  3184 | D:4      | Reached XP level 6. HP: 32/32 MP: 10/12
  3254 | D:4      | Found a staircase to the Ecumenical Temple.
  3264 | Temple   | Entered the Ecumenical Temple
  3593 | D:4      | Reached skill level 5 in Spellcasting
  3973 | D:4      | Gained mutation: You expend magic power (3 MP) to strengthen your wands. [potion of mutation]
  3973 | D:4      | Gained mutation: You are resistant to hostile enchantments. (MR+) [potion of mutation]
  4005 | D:5      | Entered Level 5 of the Dungeon
  4009 | D:5      | Noticed a phantom
  4010 | D:5      | Noticed an orc warrior
  4018 | D:5      | Reached XP level 7. HP: 33/36 MP: 10/14
  4792 | D:5      | Reached XP level 8. HP: 19/41 MP: 12/17
  4978 | D:5      | Noticed Duvessa
  5011 | D:5      | Noticed Dowan
  5012 | D:5      | Killed Duvessa
  5025 | D:5      | Killed Dowan
  5275 | D:5      | Found a runed door.
  5279 | D:5      | Noticed Crazy Yiuf
  5281 | D:5      | Killed Crazy Yiuf
  5411 | D:5      | Reached skill level 1 in Armour
  5627 | D:5      | Found Enel's General Store.
  5635 | D:5      | Bought 30 stones for 33 gold pieces
  5635 | D:5      | Bought a scroll of enchant weapon for 82 gold pieces
  5730 | D:6      | Noticed Pikel
  5791 | D:5      | Killed Pikel
  5791 | D:5      | Reached XP level 9. HP: 41/45 MP: 14/21
  5878 | D:6      | Killed MetaCosm's ghost
  6423 | D:6      | Noticed Menkaure
  6425 | D:6      | Killed Menkaure
  6603 | D:6      | Found a sparkling altar of Nemelex Xobeh.
  6734 | D:7      | Found the +10 zealot's sword {holy, *Rage rN+ EV+3}
  6848 | D:7      | Reached skill level 5 in Armour
  7312 | D:7      | Found a bloodstained altar of Trog.
  7683 | D:8      | Reached XP level 10. HP: 44/50 MP: 23/23
  8011 | D:8      | Reached skill level 10 in Earth Magic
  8027 | D:8      | Reached skill level 10 in Spellcasting
  8228 | Temple   | Became a worshipper of Vehumet
  8331 | D:8      | Noticed an orc sorcerer
  8336 | D:8      | Killed an orc sorcerer
  8352 | D:8      | Slain by an orc warrior

Skill      XL: |  1  2  3  4  5  6  7  8  9 10 |
---------------+-------------------------------+-----
Earth Magic    | 4 5 6 7 8 9 10 | 10.2
Spellcasting   | 3 4 5 6 8 9 10 | 10.2
Armour         | 3 6 8 |  8.2
Dodging        | |  1.5
Stealth        | |  2.3
Unarmed Combat | |  0.6
Transmutations | |  0.7

Action                   |  1- 3 |  4- 6 |  7- 9 | 10-12 || total
-------------------------+-------+-------+-------+-------++-------
Melee: Unarmed           |    18 |       |       |       ||    18
       Dagger            |    42 |    82 |    22 |       ||   146
       Morningstar       |       |       |    53 |       ||    53
       Punch             |       |       |     3 |       ||     3
       Eudemon blade     |       |       |    61 |    50 ||   111
       Whip              |       |       |    53 |       ||    53
 Cast: Sandblast         |    47 |    39 |    62 |    30 ||   178
       Stone Arrow       |       |    16 |    29 |     6 ||    51
       Lee's Rapid Decon |       |       |     6 |     5 ||    11
  Use: Scroll            |     6 |     2 |     6 |       ||    14
       Potion            |     3 |     3 |     4 |       ||    10
 Stab: Sleeping          |     3 |     3 |     1 |       ||     7
  Eat: Chunk             |     2 |    10 |    14 |     2 ||    28
       Ration            |       |       |     1 |       ||     1
Armor: Robe              |    21 |    37 |    42 |       ||   100
       Leather armour    |       |       |    98 |    27 ||   125
Dodge: Dodged            |    56 |    58 |   179 |    69 ||   362
       Rpst.: Eudemon blade |       |       |    24 |    25 ||    49
